cohdb
Replays
Latest Replays
All Replays
Popular Replays
Top Player Replays
Match Explorer
How It Works
Community
CoH3 Stats
Reddit
Sign in to upload your games and track your stats! →
Sign in with Steam
Match 20916332
Unlisted
Match 20916332
Overview
Messages
Build Orders
End
Construct Section Command Post
Infantry Section
Infantry Section
ML 3-inch Mortar Team
Construct Field Infirmary
Construct Platoon Command Post
Selects Heavy Armor Battlegroup
Selects Light Vehicle Withdraw and Refit
Infantry Section
Selects Forward Repair Assembly
Humber Armored Car
Infantry Section
Infantry Section
Construct Company Command Post
Grenade Package
Selects Recon Artillery
Recon Artillery
Matilda II Heavy Tank
Selects Rigorous Vehicle Training
Infantry Section
Infantry Section
Matilda II Heavy Tank
Selects Crusader AA Medium Tank
Recon Artillery
Matilda II Heavy Tank
Matilda II Heavy Tank
Selects Churchill Black Prince Heavy Tank
Foot Guards Section
Churchill Black Prince Heavy Tank
Recon Artillery
Matilda II Heavy Tank
Recon Artillery
Matilda II Heavy Tank
Recon Artillery
Foot Guards Section
Foot Guards Section
Recon Artillery
Foot Guards Section
Recon Artillery
Unlock M3 Grant Medium Tanks
M3 Grant Medium Tank
M3 Grant Medium Tank
HenDog
classy as fuck
MURDOC
TidaL
7 DIVISAO PHANTOM
Liquid
peace
Luck22ai
0
0
Comments
sign in to comment!
No comments posted yet!